[Event "Titled Tuesday Blitz July 11 Early 2023"]
[White "Vaglio Munoz, Jaime"]
[Black "Floresvillar Gonzalez, Luis Migu"]
[WhiteFideId "6500145"]
[BlackFideId "5100542"]
[WhiteElo "2273"]
[BlackElo "2097"]
[Result "1-0"]
[Round "7"]
[TimeControl "180+2"]
[Date "2023.07.11"]
[WhiteClock "0:01:30"]
[BlackClock "0:00:00"]
[Board "176"]

1. e4 c6 2. Nc3 d5 3. Nf3 Bg4 4. h3 Bh5 5. g3 e6 6. Bg2 Nd7 7. O-O Bd6 8. d3 Ne5 9. g4 Nxf3+ 10. Qxf3 Bg6 11. Re1 Ne7 12. e5 Bb4 13. a3 Bxc3 14. bxc3 b6 15. a4 a5 16. Ba3 c5 17. d4 Qc7 18. Qe3 Rc8 19. dxc5 bxc5 20. c4 d4 21. Qd2 O-O 22. c3 Nc6 23. cxd4 Nxd4 24. Qf4 f5 25. Rad1 fxg4 26. Qxg4 Bf5 27. Qg3 Rb8 28. Qh4 Rf7 29. Bxc5 Qxc5 30. Qxd4 Qxd4 31. Rxd4 Rb4 32. Ra1 Bc2 33. Bc6 Rb3 34. Kg2 Rc7 35. Bb5 Bf5 36. Rc1 Bxh3+ 37. Kh2 Bf5 38. c5 h5 39. c6 Rh3+ 40. Kg2 Rb3 41. Rd7 Rc8 42. c7 Rb4 43. Rd8+ 1-0


[Site "https://www.chess.com"]

[Event "Titled Tuesday Blitz July 11 Early 2023"]
[White "Goughfather"]
[Black "Nugumanov, Bakhtiyar"]
[BlackFideId "13701797"]
[WhiteElo "2034"]
[BlackElo "2265"]
[Result "0-1"]
[Round "7"]
[TimeControl "180+2"]
[Date "2023.07.11"]
[WhiteClock "0:00:00"]
[BlackClock "0:00:42"]
[Board "177"]

1. d4 Nf6 2. Nc3 d5 3. Bf4 e6 4. Nb5 Na6 5. e3 Be7 6. Nf3 Bd7 7. a4 O-O 8. Ne5 Be8 9. g4 c5 10. c3 Ne4 11. Bd3 Bh4 12. Rf1 f6 13. Nf3 Bg5 14. Bxe4 Bxf4 15. Bxh7+ Kxh7 16. exf4 cxd4 17. Nbxd4 Qe7 18. Qe2 Nc5 19. Nf5 Qc7 20. Ng3 Bg6 21. f5 exf5 22. gxf5 Rae8 23. fxg6+ Kxg6 24. O-O-O Rxe2 25. Nxe2 Re8 26. Nfd4 Nxa4 27. Rg1+ Kh7 28. Nf5 g6 29. Nfd4 Qb6 30. Rd2 Nc5 31. Kc2 Ne4 32. Rd3 Nxf2 33. Rgg3 Nxd3 34. Rh3+ Kg7 35. Kxd3 Qxb2 36. Nf4 Qb1+ 37. Nc2 Qf1+ 38. Kd2 Qxf4+ 0-1


[Site "https://www.chess.com"]

[Event "Titled Tuesday Blitz July 11 Early 2023"]
[White "Ismayilova, Khanim"]
[Black "Larina, Maria"]
[WhiteFideId "13429019"]
[BlackFideId "24113182"]
[WhiteElo "2021"]
[BlackElo "2208"]
[Result "1-0"]
[Round "7"]
[TimeControl "180+2"]
[Date "2023.07.11"]
[WhiteClock "0:00:13"]
[BlackClock "0:00:00"]
[Board "178"]

1. c4 f5 2. Nc3 Nf6 3. d4 d6 4. g3 g6 5. Bg2 Bg7 6. e3 O-O 7. Nge2 e5 8. O-O e4 9. Nf4 c6 10. b4 Qe8 11. d5 g5 12. Nfe2 Qe7 13. Bb2 Ng4 14. c5 dxc5 15. d6 Qd7 16. bxc5 b6 17. h3 Ne5 18. Na4 b5 19. Nac3 Na6 20. Rc1 Nxc5 21. Nxb5 Ncd3 22. Bxe5 Bxe5 23. Nc7 Nxc1 24. Nxa8 Nxe2+ 25. Qxe2 Bb7 26. Nc7 Bxd6 27. Na6 c5 28. Rc1 Rc8 29. Bf1 Kh8 30. Qb2+ Qg7 31. Qb3 f4 32. Rd1 fxg3 33. Rxd6 gxf2+ 34. Kh1 Qf8 35. Qd1 1-0


[Site "https://www.chess.com"]

[Event "Titled Tuesday Blitz July 11 Early 2023"]
[White "Schachpanda_Youtube"]
[Black "abelmat"]
[WhiteElo "2193"]
[BlackElo "1946"]
[Result "0-1"]
[Round "7"]
[TimeControl "180+2"]
[Date "2023.07.11"]
[WhiteClock "0:00:00"]
[BlackClock "0:00:14"]
[Board "179"]

1. e4 e6 2. Qe2 d5 3. exd5 Qxd5 4. Nc3 Qd8 5. b3 Nf6 6. Bb2 Be7 7. O-O-O O-O 8. Nf3 b6 9. g4 Ba6 10. d3 Bb7 11. Rg1 Nc6 12. g5 Nd5 13. h4 Ba3 14. Ne4 Bxb2+ 15. Kxb2 a5 16. a4 Ncb4 17. h5 Nf4 18. Qe3 Nbd5 19. Qd2 e5 20. Nxe5 Qe7 21. Nf3 Ne6 22. g6 fxg6 23. hxg6 Rxf3 24. gxh7+ Kh8 25. Be2 Rh3 26. Bg4 Rh6 27. Kb1 Nd4 28. Rde1 Qa3 29. Ng5 Rf8 30. f4 Nb4 31. Nf7+ Kxh7 32. Ng5+ Kg8 0-1


[Site "https://www.chess.com"]

[Event "Titled Tuesday Blitz July 11 Early 2023"]
[White "Lohani, Sujana"]
[Black "Hernandez Bermudez, Ulises Eduardo"]
[WhiteFideId "12311987"]
[BlackFideId "3902510"]
[WhiteElo "1918"]
[BlackElo "2172"]
[Result "1-0"]
[Round "7"]
[TimeControl "180+2"]
[Date "2023.07.11"]
[WhiteClock "0:00:19"]
[BlackClock "0:00:18"]
[Board "180"]

1. d4 d5 2. Nf3 Nf6 3. c4 c6 4. e3 Nbd7 5. Nc3 e6 6. Qc2 Bd6 7. Bd3 dxc4 8. Bxc4 b5 9. Bd3 Bb7 10. O-O O-O 11. e4 e5 12. Bg5 Qb6 13. Bxf6 gxf6 14. d5 Rac8 15. Nh4 Rfd8 16. Nf5 Bf8 17. Qe2 b4 18. Na4 Qa5 19. b3 Nb6 20. Qg4+ Kh8 21. Qh4 Bg7 22. Nxb6 Qxb6 23. d6 c5 24. Bc4 Rxd6 25. Bxf7 Rc7 26. Bg6 Bf8 27. Nxd6 Qxd6 28. Rad1 Qe6 29. Bf5 Qf7 30. Rd8 Kg8 31. Rfd1 Bc6 32. Qh3 Kg7 33. Be6 Qe7 34. R1d3 f5 35. Rg3+ Kh8 36. Rg8# 1-0


[Site "https://www.chess.com"]

[Event "Titled Tuesday Blitz July 11 Early 2023"]
[White "UgarteCesar"]
[Black "Skiadopoulos, Nikolaos"]
[BlackFideId "4200772"]
[WhiteElo "2234"]
[BlackElo "1925"]
[Result "1-0"]
[Round "7"]
[TimeControl "180+2"]
[Date "2023.07.11"]
[WhiteClock "0:00:34"]
[BlackClock "0:00:17"]
[Board "181"]

1. c4 Nf6 2. Nc3 e5 3. g3 d6 4. Bg2 g6 5. e3 Bg7 6. Nge2 O-O 7. O-O Nc6 8. d4 exd4 9. Nxd4 Nxd4 10. exd4 Bg4 11. Qb3 b6 12. a4 Rb8 13. h3 Bd7 14. a5 bxa5 15. Qa3 c5 16. dxc5 dxc5 17. Qxc5 Qc8 18. Qxc8 Rfxc8 19. Rxa5 Rxc4 20. Rxa7 h5 21. Rd1 Be6 22. Kh2 h4 23. g4 Bxg4 24. hxg4 Nxg4+ 25. Kg1 Bd4 26. Ne4 Bxa7 27. Bf3 Ne5 28. Bg2 Rc2 29. Bf4 Ng4 30. Bxb8 Bxb8 31. Rd8+ Kg7 32. Rxb8 Re2 33. Bf3 Re1+ 34. Kg2 Ne5 35. Rb7 g5 36. Nxg5 Rb1 37. b4 Rb2 38. Nxf7 Nxf3 39. Kxf3 1-0


[Site "https://www.chess.com"]

[Event "Titled Tuesday Blitz July 11 Early 2023"]
[White "Hartikainen, Jarmo"]
[Black "Kowalysko, Roman"]
[WhiteFideId "503134"]
[BlackFideId "30918510"]
[WhiteElo "2144"]
[BlackElo "2053"]
[Result "0-1"]
[Round "7"]
[TimeControl "180+2"]
[Date "2023.07.11"]
[WhiteClock "0:00:03"]
[BlackClock "0:01:32"]
[Board "182"]

1. e4 e5 2. Nf3 Nc6 3. Bc4 Nf6 4. Ng5 d5 5. exd5 Nxd5 6. Nxf7 Kxf7 7. Qf3+ Ke6 8. Nc3 Nb4 9. O-O c6 10. Bb3 Qf6 11. Nxd5 Nxd5 12. Qe2 Kd7 13. d4 exd4 14. Rd1 Bd6 15. Bxd5 cxd5 16. Qg4+ Kc7 17. Qxd4 Qxd4 18. Rxd4 Re8 19. Be3 Bc5 20. Rxd5 Bxe3 21. fxe3 Rxe3 22. Rf1 Be6 23. Rc5+ Kb6 24. Rg5 g6 25. Kf2 Rf8+ 26. Kxe3 Rxf1 27. b3 Bf5 28. c4 Ra1 29. g4 Bd7 30. a4 Ra3 31. Kd4 Rxb3 32. c5+ Kc7 33. h4 Rb4+ 34. Ke5 Rxg4 35. Rxg4 Bxg4 36. Kf6 h5 37. Kxg6 Kc6 38. Kf6 Kxc5 39. Ke5 Kb4 40. Kd6 Kxa4 41. Kc7 b5 42. Kb7 b4 43. Kxa7 b3 44. Ka6 b2 45. Ka7 b1=Q 46. Ka6 Bf3 47. Ka7 Qb7# 0-1


[Site "https://www.chess.com"]

[Event "Titled Tuesday Blitz July 11 Early 2023"]
[White "Kuchava, Ana"]
[Black "Jaivardhan Raj"]
[WhiteFideId "13605348"]
[BlackFideId "25744437"]
[WhiteElo "2229"]
[BlackElo "2071"]
[Result "1-0"]
[Round "7"]
[TimeControl "180+2"]
[Date "2023.07.11"]
[WhiteClock "0:00:51"]
[BlackClock "0:00:31"]
[Board "183"]

1. d4 Nf6 2. Nf3 e6 3. c4 b6 4. a3 Bb7 5. Nc3 d5 6. cxd5 exd5 7. Bf4 Bd6 8. Bxd6 Qxd6 9. e3 O-O 10. Bd3 a6 11. O-O Nbd7 12. Rc1 Rae8 13. Qe2 a5 14. Nb5 Qe7 15. Rxc7 Ba6 16. Ne5 Rc8 17. Rfc1 Rxc7 18. Rxc7 Rc8 19. Qc2 Rxc7 20. Qxc7 g6 21. f3 Kg7 22. Kf2 Qe6 23. Nxd7 Nxd7 24. Qd8 Bb7 25. Nc7 Qc6 26. Ne8+ 1-0


[Site "https://www.chess.com"]

[Event "Titled Tuesday Blitz July 11 Early 2023"]
[White "Cardenas Carbajal, Nilson"]
[Black "Kopacz, Grzegorz"]
[WhiteFideId "8401128"]
[BlackFideId "1109880"]
[WhiteElo "2120"]
[BlackElo "2207"]
[Result "1/2-1/2"]
[Round "7"]
[TimeControl "180+2"]
[Date "2023.07.11"]
[WhiteClock "0:00:22"]
[BlackClock "0:00:16"]
[Board "184"]

1. e4 c5 2. d4 cxd4 3. c3 d5 4. exd5 Qxd5 5. cxd4 Nc6 6. Nf3 Bg4 7. Nc3 Bxf3 8. gxf3 Qxd4 9. Qxd4 Nxd4 10. Nb5 Ne6 11. Be3 a6 12. Nd4 Nxd4 13. Bxd4 e6 14. f4 Bb4+ 15. Ke2 Nf6 16. Bg2 Rd8 17. Be3 Nd5 18. Rhd1 Nxe3 19. fxe3 Ke7 20. Bxb7 a5 21. Ba6 f6 22. Rac1 Rxd1 23. Rxd1 Rd8 24. Rxd8 Kxd8 25. Kd3 Kc7 26. a3 Bd6 27. Kc4 Kb6 28. Bc8 Bc5 29. Bxe6 Bxe3 30. f5 Bc1 31. b4 axb4 32. axb4 h5 33. h3 h4 34. Bf7 Bd2 35. Be6 Be1 36. b5 Bd2 37. Bd7 Bg5 38. Bc6 Bh6 39. Kd5 Bg5 40. Ke6 Bh6 41. Kf7 Kc5 42. Kg6 Kb6 43. Kf7 Kc5 44. Kg6 Kb6 45. Kh5 Bg5 46. Kg6 Bh6 1/2-1/2


[Site "https://www.chess.com"]

[Event "Titled Tuesday Blitz July 11 Early 2023"]
[White "Nakamura, Hikaru"]
[Black "Bok, Benjamin"]
[WhiteFideId "2016192"]
[BlackFideId "1017063"]
[WhiteElo "3238"]
[BlackElo "2987"]
[Result "1-0"]
[Round "8"]
[TimeControl "180+2"]
[Date "2023.07.11"]
[WhiteClock "0:00:33"]
[BlackClock "0:00:00"]
[Board "1"]

1. a3 d5 2. d4 Nf6 3. Nf3 Bf5 4. c4 c6 5. e3 e6 6. Bd3 Bg6 7. Bxg6 hxg6 8. Nbd2 Nbd7 9. b3 Bd6 10. Qc2 O-O 11. Bb2 Qe7 12. O-O e5 13. dxe5 Nxe5 14. cxd5 Nxd5 15. Rfd1 Rad8 16. h3 Rfe8 17. Nxe5 Bxe5 18. Bxe5 Qxe5 19. Nf3 Qc3 20. Rac1 Qxc2 21. Rxc2 Kf8 22. Rd4 Nf6 23. Kf1 Ne4 24. Ke2 c5 25. Rxd8 Rxd8 26. b4 b6 27. bxc5 Nxc5 28. Nd4 Rd7 29. Rc4 Ke7 30. Nb5 g5 31. Nd4 g6 32. Nf3 f6 33. h4 gxh4 34. Rxh4 g5 35. Rh7+ Kd6 36. Rh6 Ne4 37. Nd4 Ke5 38. Rh8 Nd6 39. g4 Rc7 40. Kd3 b5 41. Rd8 a6 42. f4+ gxf4 43. exf4+ Kxf4 44. Ne6+ 1-0


[Site "https://www.chess.com"]

[Event "Titled Tuesday Blitz July 11 Early 2023"]
[White "Aravindh, Chithambaram VR."]
[Black "Firouzja, Alireza"]
[WhiteFideId "5072786"]
[BlackFideId "12573981"]
[WhiteElo "2947"]
[BlackElo "3089"]
[Result "0-1"]
[Round "8"]
[TimeControl "180+2"]
[Date "2023.07.11"]
[WhiteClock "0:00:11"]
[BlackClock "0:01:52"]
[Board "2"]

1. d4 Nf6 2. Nf3 g6 3. g3 Bg7 4. Bg2 O-O 5. O-O d6 6. Nc3 Nbd7 7. a4 e5 8. dxe5 dxe5 9. Nd2 a5 10. Nc4 Re8 11. b3 e4 12. Bb2 b6 13. Nxe4 Nxe4 14. Bxg7 Kxg7 15. Qd5 c6 16. Qxc6 Rb8 17. Rad1 Re6 18. Qxe6 fxe6 19. Bxe4 Qc7 20. Nd6 Nf6 21. c4 e5 22. Bg2 Bg4 23. Nb5 Qe7 24. f3 Be6 25. Rd6 Rd8 26. Rfd1 Rxd6 27. Rxd6 Ne8 28. Rd3 Qc5+ 29. Kf1 Nf6 0-1


[Site "https://www.chess.com"]

[Event "Titled Tuesday Blitz July 11 Early 2023"]
[White "Pranav, V"]
[Black "Dubov, Daniil"]
[WhiteFideId "25060783"]
[BlackFideId "24126055"]
[WhiteElo "2951"]
[BlackElo "3085"]
[Result "1-0"]
[Round "8"]
[TimeControl "180+2"]
[Date "2023.07.11"]
[WhiteClock "0:00:04"]
[BlackClock "0:00:01"]
[Board "3"]

1. e4 e5 2. Nf3 Nf6 3. d4 Nxe4 4. Bd3 d5 5. Nxe5 Bd6 6. O-O O-O 7. Nc3 Nxc3 8. bxc3 Nd7 9. Re1 Bxe5 10. dxe5 Nc5 11. Bf1 Bf5 12. Ba3 b6 13. Qd2 c6 14. Rad1 Re8 15. c4 Rc8 16. cxd5 cxd5 17. Bb5 Bd7 18. Bf1 Qh4 19. Qe3 Be6 20. Rd4 Qh5 21. f3 Qg6 22. Qf2 Rc7 23. h4 Rec8 24. Bc1 h5 25. Be3 Nd7 26. Bd3 Bf5 27. Rxd5 Bxd3 28. cxd3 Qe6 29. Rb5 Rc2 30. Qg3 Rxa2 31. d4 Rcc2 32. Rc1 Rxc1+ 33. Bxc1 Qc4 34. Bh6 g6 35. Rb1 Qxd4+ 36. Kh2 Qxe5 37. Bf4 Qf5 38. Re1 Nf6 39. Bg5 Ra5 40. Re7 Rd5 41. Qc7 Rd7 42. Qc8+ Kh7 43. Bxf6 Qf4+ 44. Kh3 Qf5+ 45. Kg3 Qxf6 46. Qxd7 Kg7 47. Re4 g5 48. Qd4 1-0


[Site "https://www.chess.com"]

[Event "Titled Tuesday Blitz July 11 Early 2023"]
[White "Shimanov, Aleksandr"]
[Black "Nihal Sarin"]
[WhiteFideId "4198603"]
[BlackFideId "25092340"]
[WhiteElo "2931"]
[BlackElo "3041"]
[Result "0-1"]
[Round "8"]
[TimeControl "180+2"]
[Date "2023.07.11"]
[WhiteClock "0:00:16"]
[BlackClock "0:00:38"]
[Board "4"]

1. d4 Nf6 2. Bg5 e6 3. Nd2 h6 4. Bh4 c5 5. e3 Nc6 6. c3 cxd4 7. exd4 Be7 8. Bd3 O-O 9. Ngf3 d6 10. O-O b6 11. a4 Bb7 12. Re1 Nh5 13. Bxe7 Nxe7 14. a5 Nf4 15. Bf1 bxa5 16. Nc4 Neg6 17. Nxa5 Bd5 18. g3 Qf6 19. Nd2 Rab8 20. b4 Rfc8 21. Re3 e5 22. gxf4 exf4 23. Ne4 Qe7 24. Re1 Bxe4 25. Bg2 Qg5 26. Rxe4 Nh4 27. Qf1 f3 28. d5 Rxc3 29. Nc6 fxg2 30. Qe2 Rc1+ 0-1


[Site "https://www.chess.com"]

[Event "Titled Tuesday Blitz July 11 Early 2023"]
[White "Gordievsky, Dmitry"]
[Black "Narayanan.S.L"]
[WhiteFideId "24112798"]
[BlackFideId "5058422"]
[WhiteElo "2911"]
[BlackElo "3038"]
[Result "1/2-1/2"]
[Round "8"]
[TimeControl "180+2"]
[Date "2023.07.11"]
[WhiteClock "0:00:10"]
[BlackClock "0:01:19"]
[Board "5"]

1. Nf3 g6 2. e4 c5 3. c4 Nc6 4. d4 cxd4 5. Nxd4 Bg7 6. Be3 d6 7. Nc3 Nh6 8. Be2 f5 9. Bxh6 Bxh6 10. exf5 gxf5 11. Bh5+ Kf8 12. O-O Bg7 13. Nde2 e5 14. Nb5 Be6 15. Nxd6 Qh4 16. Nxb7 Qxh5 17. Qd6+ Ne7 18. Qxe6 Qxe2 19. Rad1 Qh5 20. Rd7 Qf7 21. Nd8 Qxe6 22. Nxe6+ Ke8 23. Rfd1 Bf6 24. Nc7+ Kf7 25. Nxa8 Rxa8 26. Rd8 Rxd8 27. Rxd8 e4 28. b3 f4 29. Rd7 e3 30. fxe3 fxe3 31. Kf1 a5 32. Ke2 Ke6 33. Ra7 Bg5 34. Rxa5 h6 35. g3 Nc6 36. Rd5 Nb4 37. h4 Bf6 38. Rb5 Nc2 39. Rd5 Nb4 40. Rd1 Nxa2 41. Kxe3 Nb4 42. Rf1 Be5 43. Rg1 Nc2+ 44. Kf3 Nd4+ 45. Kg4 Nxb3 46. Kh5 Nd4 47. g4 Bf6 48. Re1+ Kd6 49. Ra1 Ne6 50. Ra6+ Ke7 51. Ra7+ Kd6 52. Ra6+ Ke7 53. c5 Nf4+ 54. Kxh6 Bxh4 55. Ra7+ Ke6 56. c6 Nd5 57. g5 Bxg5+ 58. Kxg5 Kd6 59. Ra6 Nb4 60. Ra1 Nxc6 61. Rd1+ Ke5 62. Re1+ Kd5 63. Kf4 Nd4 64. Rd1 Kc5 65. Ke4 Nc6 66. Rc1+ Kd6 67. Rh1 Kc5 68. Rh6 Nb4 69. Rh5+ Kc4 70. Rh8 Kc5 71. Rc8+ Nc6 72. Rc7 Kd6 73. Rh7 Kc5 74. Rh1 Kd6 75. Rc1 Ne7 76. Rc6+ Kd7 77. Rc7+ Kxc7 1/2-1/2


[Site "https://www.chess.com"]

[Event "Titled Tuesday Blitz July 11 Early 2023"]
[White "Tang, Andrew"]
[Black "Kollars, Dmitrij"]
[WhiteFideId "2059630"]
[BlackFideId "12909572"]
[WhiteElo "2920"]
[BlackElo "3011"]
[Result "1/2-1/2"]
[Round "8"]
[TimeControl "180+2"]
[Date "2023.07.11"]
[WhiteClock "0:00:02"]
[BlackClock "0:00:05"]
[Board "6"]

1. d4 d5 2. Bf4 Nf6 3. e3 c5 4. dxc5 e6 5. b4 Bd7 6. Nd2 a5 7. a3 b6 8. cxb6 axb4 9. Bc7 Qc8 10. axb4 Rxa1 11. Qxa1 Bxb4 12. c3 Be7 13. Ngf3 O-O 14. Qa8 Bc6 15. Qa7 Bb7 16. Nd4 Nfd7 17. Bb5 Nc5 18. O-O Nba6 19. N2b3 Nxc7 20. bxc7 Nxb3 21. Nxb3 Qxc7 22. Na5 Bc5 23. Qxb7 Qxa5 24. c4 d4 25. exd4 Bxd4 26. Qe4 Qd2 27. g3 g6 28. Kg2 Rd8 29. Qf3 Bc5 30. Ba4 Qa2 31. Rd1 Rxd1 32. Bxd1 Qxc4 33. Be2 Qd4 34. h4 h6 35. Bd3 Kg7 36. Qe2 Bb6 37. Be4 Qc5 38. Bb7 Ba7 39. Qb2+ Kg8 40. Bf3 Qd6 41. Qa2 Bd4 42. Qa8+ Kg7 43. Qa2 Qc5 44. Qe2 Qb6 45. Qc2 Qa7 46. Qe2 Qc5 47. Be4 f5 48. Bf3 Kf6 49. Qa2 g5 50. hxg5+ hxg5 51. g4 Qe5 52. Qe2 Qf4 53. gxf5 exf5 54. Bd5 Be5 55. Qh5 g4 56. Qf7+ Kg5 57. Qg8+ Kh6 58. Qe6+ Kg5 59. Qg8+ Kh6 60. Qe6+ Kg5 61. Qg8+ 1/2-1/2


[Site "https://www.chess.com"]

[Event "Titled Tuesday Blitz July 11 Early 2023"]
[White "Turski, Bartlomiej"]
[Black "He, Anthony"]
[WhiteFideId "21810567"]
[BlackFideId "2088215"]
[WhiteElo "2896"]
[BlackElo "3003"]
[Result "1/2-1/2"]
[Round "8"]
[TimeControl "180+2"]
[Date "2023.07.11"]
[WhiteClock "0:00:22"]
[BlackClock "0:00:11"]
[Board "7"]

1. e4 c5 2. Nf3 e6 3. d4 cxd4 4. Nxd4 Nc6 5. Nc3 Qc7 6. Be3 a6 7. Be2 Nf6 8. Nxc6 bxc6 9. O-O d5 10. exd5 cxd5 11. Na4 Rb8 12. Rc1 e5 13. c4 d4 14. Bg5 Be7 15. b3 O-O 16. c5 h6 17. Bh4 Rd8 18. Bc4 Bf5 19. Re1 a5 20. f3 Nh5 21. Bxe7 Qxe7 22. Bd3 Bxd3 23. Qxd3 Nf4 24. Qd2 Qg5 25. Kh1 d3 26. g3 Ne2 27. Qxg5 hxg5 28. Rcd1 f5 29. c6 Rbc8 30. Nc5 Rxc6 31. Rxd3 Rxd3 32. Nxd3 Rc2 33. Nxe5 Rxa2 34. Nc6 f4 35. g4 Rc2 36. Nxa5 Nd4 37. Rf1 Ra2 38. Nc4 Nxb3 39. Ne5 Re2 40. Nd3 Nd2 41. Rf2 Rxf2 42. Nxf2 Nxf3 43. Nh3 Kf7 44. Kg2 Nh4+ 45. Kf2 Kg6 46. Ng1 Kf6 47. h3 Ng6 48. Nf3 Ne5 49. Nd4 Nd3+ 50. Kg2 Nc5 51. Nf3 Ne4 52. Kh2 Ke6 53. Kg2 Kd5 54. h4 gxh4 55. Nxh4 g5 56. Nf5 Nd6 57. Ng7 Ke5 58. Kf3 Kf6 59. Nh5+ Ke5 60. Ng7 Ne4 61. Nf5 Nd2+ 62. Kf2 Ne4+ 63. Kf3 Nd6 64. Ng7 1/2-1/2


[Site "https://www.chess.com"]

[Event "Titled Tuesday Blitz July 11 Early 2023"]
[White "Deac, Bogdan-Daniel"]
[Black "Frolyanov, Dmitry"]
[WhiteFideId "1226380"]
[BlackFideId "4151976"]
[WhiteElo "2993"]
[BlackElo "2617"]
[Result "1-0"]
[Round "8"]
[TimeControl "180+2"]
[Date "2023.07.11"]
[WhiteClock "0:00:04"]
[BlackClock "0:00:39"]
[Board "8"]

1. d4 d5 2. Bf4 Nf6 3. e3 e6 4. Nf3 c5 5. c3 Nc6 6. Nbd2 Be7 7. Ne5 Nxe5 8. Bxe5 O-O 9. Bd3 b6 10. Qf3 a5 11. Qh3 Ba6 12. Bc2 h6 13. g4 Nd7 14. Bf4 cxd4 15. exd4 Bg5 16. Bxg5 Qxg5 17. Nf3 Qf4 18. Qg3 Qxg3 19. hxg3 f6 20. Kd2 Rfd8 21. Rae1 Nf8 22. Nh4 Rab8 23. Ng6 Nxg6 24. Bxg6 Bc8 25. f4 b5 26. g5 b4 27. gxh6 bxc3+ 28. Kxc3 gxh6 29. Rxh6 Kg7 30. Reh1 Ba6 31. b3 f5 32. g4 a4 33. gxf5 Rdc8+ 34. Kb2 axb3 35. Rh7+ Kf8 36. axb3 exf5 37. Bxf5 Re8 38. Rh8+ Ke7 39. R1h7+ Kf6 40. Rxe8 Rxe8 41. Bc2 Bf1 42. Rh6+ Kg7 43. Rg6+ Kf7 44. Rg5 Re4 45. Bxe4 1-0


[Site "https://www.chess.com"]

[Event "Titled Tuesday Blitz July 11 Early 2023"]
[White "Erigaisi Arjun"]
[Black "Maximov, Dmitry"]
[WhiteFideId "35009192"]
[BlackFideId "14105659"]
[WhiteElo "3105"]
[BlackElo "2797"]
[Result "1-0"]
[Round "8"]
[TimeControl "180+2"]
[Date "2023.07.11"]
[WhiteClock "0:00:55"]
[BlackClock "0:00:33"]
[Board "9"]

1. c4 Nf6 2. Nc3 g6 3. e4 d6 4. d4 Bg7 5. Nf3 O-O 6. h3 e5 7. d5 a5 8. Be3 Na6 9. g4 Nd7 10. h4 Ndc5 11. Bh3 c6 12. h5 cxd5 13. cxd5 Bd7 14. a4 Rc8 15. Kf1 Nb4 16. Ne1 gxh5 17. g5 f5 18. Qxh5 Be8 19. Qh4 Bg6 20. exf5 Rxf5 21. Bxf5 Bxf5 22. Bxc5 Rxc5 23. Ne4 Rxd5 24. Nf6+ Bxf6 25. gxf6 Qe8 26. Ra3 Bg6 27. Rg3 Kh8 28. Qh6 Qf7 29. Rxg6 Qxg6 30. Qxg6 1-0


[Site "https://www.chess.com"]

[Event "Titled Tuesday Blitz July 11 Early 2023"]
[White "Terry, Renato"]
[Black "Zakhartsov, Vladimir"]
[WhiteFideId "3803457"]
[BlackFideId "4145097"]
[WhiteElo "2976"]
[BlackElo "2912"]
[Result "0-1"]
[Round "8"]
[TimeControl "180+2"]
[Date "2023.07.11"]
[WhiteClock "0:00:02"]
[BlackClock "0:00:05"]
[Board "10"]

1. Nf3 Nf6 2. d4 d5 3. c4 e6 4. e3 c5 5. dxc5 Bxc5 6. a3 a5 7. Nc3 O-O 8. Be2 Nc6 9. O-O d4 10. Na4 Ba7 11. c5 dxe3 12. Bxe3 Nd5 13. Bg5 f6 14. Bd2 Qe7 15. Qc2 e5 16. Rfe1 Be6 17. Bb5 Qf7 18. h3 Rac8 19. Rac1 Bb8 20. Bc4 Qh5 21. Nb6 Rcd8 22. Nxd5 Bxd5 23. Bxd5+ Rxd5 24. Qc4 Qf7 25. b4 axb4 26. axb4 h6 27. Bc3 Ne7 28. b5 Rc8 29. Bb4 Rd7 30. Nd2 Rd4 31. Qxf7+ Kxf7 32. Bc3 Ra4 33. Nb3 Ra3 34. Rb1 Nf5 35. Bb4 Ra4 36. Na5 Nd4 37. Nxb7 Nxb5 38. Red1 Nd4 39. Kf1 Ke6 40. Bc3 Ba7 41. Rbc1 Nb3 42. Rc2 Nxc5 43. Ba5 Nxb7 44. Rxc8 Rxa5 45. Rc6+ Kf5 46. Rc7 Nc5 47. Rxg7 Ne4 48. f3 Ng5 49. h4 Ne6 50. Rh7 Kf4 51. Rxh6 Kg3 52. Rg6+ Kh2 53. Rxf6 Nf4 54. Ke1 Ra2 55. Rd2 Ra1+ 56. Rd1 Nxg2+ 57. Kd2 Ra2+ 58. Kc3 Nf4 59. h5 Ra3+ 60. Kc4 Rxf3 61. h6 Rh3 62. Re1 Bd4 63. Re4 Kg3 64. Kb5 Kg4 65. Kc4 Kg5 66. Rfxf4 exf4 67. Kxd4 Rxh6 68. Re8 Rh1 69. Rg8+ Kf5 70. Kd3 Re1 71. Kd2 Re7 72. Kd3 f3 73. Kd2 Kf4 74. Kd3 f2 75. Kd2 Kf3 76. Rf8+ Kg2 77. Rg8+ Kf1 78. Rg6 Re5 79. Rg8 Rd5+ 80. Kc2 Ke2 81. Re8+ Kf3 82. Rf8+ Ke3 83. Re8+ Kf4 0-1


[Site "https://www.chess.com"]

[Event "Titled Tuesday Blitz July 11 Early 2023"]
[White "Oparin, Grigoriy"]
[Black "Nguyen, Ngoc Truong Son"]
[WhiteFideId "24125890"]
[BlackFideId "12401110"]
[WhiteElo "2953"]
[BlackElo "2866"]
[Result "1-0"]
[Round "8"]
[TimeControl "180+2"]
[Date "2023.07.11"]
[WhiteClock "0:00:17"]
[BlackClock "0:00:02"]
[Board "11"]

1. c4 g6 2. d4 d6 3. Nc3 Bg7 4. e4 Nf6 5. Bg5 h6 6. Bh4 Nc6 7. d5 Ne5 8. f4 Ned7 9. Nf3 c6 10. Bf2 cxd5 11. cxd5 O-O 12. Qd2 Re8 13. Bd3 Nc5 14. Bxc5 dxc5 15. O-O Bg4 16. Bb5 Bxf3 17. Rxf3 Rf8 18. e5 Ne8 19. a4 Nc7 20. Bc4 Ne6 21. Ne2 Nd4 22. Nxd4 cxd4 23. Qxd4 Kh8 24. Rd1 f6 25. b3 fxe5 26. fxe5 Rxf3 27. gxf3 e6 28. dxe6 Qg5+ 29. Qg4 Qxe5 30. Kh1 Qf6 31. Qe4 Re8 32. h4 h5 33. Rd2 Bh6 34. Rd4 Kg7 35. Qxb7+ Re7 36. Qe4 Kh7 37. Kg2 Bg7 38. Rd2 Bh6 39. Rd7 Bg7 40. Rxe7 Qxe7 41. Bd3 Qf6 42. e7 Qb2+ 43. Bc2 1-0


[Site "https://www.chess.com"]

[Event "Titled Tuesday Blitz July 11 Early 2023"]
[White "Makarian, Rudik"]
[Black "Timofeev, Artyom"]
[WhiteFideId "44105681"]
[BlackFideId "4140419"]
[WhiteElo "2943"]
[BlackElo "2845"]
[Result "1-0"]
[Round "8"]
[TimeControl "180+2"]
[Date "2023.07.11"]
[WhiteClock "0:00:10"]
[BlackClock "0:00:00"]
[Board "12"]

1. e4 d6 2. Nf3 Nf6 3. Nc3 g6 4. d4 Bg7 5. Be2 O-O 6. O-O c6 7. Re1 Nfd7 8. Be3 b5 9. Qd2 Bb7 10. a3 a5 11. Bh6 b4 12. Bxg7 Kxg7 13. Nd1 c5 14. Bd3 bxa3 15. Rxa3 cxd4 16. Nxd4 Nf6 17. Nc3 Nbd7 18. Rea1 Nc5 19. Qe3 Qc7 20. h3 Rfc8 21. Nb3 Nxb3 22. cxb3 Bc6 23. Bc4 Qb7 24. f3 Qb4 25. e5 dxe5 26. Qxe5 Qb6+ 27. Kh1 Qf2 28. Qe2 Qg3 29. Re1 e6 30. Qe5 Qxe5 31. Rxe5 a4 32. bxa4 Bxf3 33. Bxe6 Bxg2+ 34. Kxg2 fxe6 35. Rxe6 Rab8 36. Re7+ Kh6 37. Re2 Nh5 38. Rf2 Rc4 39. a5 Nf4+ 40. Kg3 Nd3 41. Rd2 Nc5 42. Re2 Ra8 43. Re5 Nd3 44. Rb5 Re8 45. Nd5 Nc1 46. a6 Ne2+ 47. Kg2 Rc2 48. Kf1 Nd4 49. Rb4 Rc1+ 50. Kf2 Rc2+ 51. Kg3 Ne2+ 52. Kf3 Ng1+ 53. Kg3 Ne2+ 54. Kf3 Ng1+ 55. Kf4 Rf2+ 56. Kg3 Rf5 57. Nf4 g5 58. Rb6+ Kg7 59. Ne6+ Kf7 60. a7 Ne2+ 61. Kg2 Nf4+ 62. Nxf4 gxf4 63. a8=Q Rxa8 64. Rxa8 f3+ 65. Kf2 1-0


[Site "https://www.chess.com"]

[Event "Titled Tuesday Blitz July 11 Early 2023"]
[White "Svane, Frederik"]
[Black "Chigaev, Maksim"]
[WhiteFideId "12923044"]
[BlackFideId "4108116"]
[WhiteElo "2795"]
[BlackElo "2930"]
[Result "0-1"]
[Round "8"]
[TimeControl "180+2"]
[Date "2023.07.11"]
[WhiteClock "0:00:04"]
[BlackClock "0:00:06"]
[Board "13"]

1. e4 e6 2. d3 d5 3. Nd2 c5 4. Ngf3 Nc6 5. g3 Nf6 6. Bg2 g6 7. O-O Bg7 8. exd5 Nxd5 9. Ne4 b6 10. h4 h6 11. c3 O-O 12. Re1 Bb7 13. Qe2 Re8 14. a4 e5 15. h5 g5 16. Ned2 f5 17. Nc4 Qd7 18. Be3 Rad8 19. Rad1 Qf7 20. a5 Nf4 21. gxf4 exf4 22. axb6 axb6 23. Nxb6 fxe3 24. fxe3 f4 25. e4 g4 26. Nh2 f3 27. Nxf3 gxf3 28. Qxf3 Qxf3 29. Bxf3 Ne5 30. Be2 Bf6 31. Nd5 Bxd5 32. exd5 Rxd5 33. d4 cxd4 34. cxd4 Nf7 35. Bc4 Rxe1+ 36. Rxe1 Rxd4 37. b3 Kg7 38. Kf2 Bh4+ 39. Ke3 Rxc4 40. Rg1+ Bg5+ 41. Rxg5+ hxg5 42. bxc4 Kh6 43. c5 Nd8 44. Ke4 Kxh5 45. Ke5 g4 0-1


[Site "https://www.chess.com"]